 Dungeon Crawl Stone Soup version 0.19-a0-994-g3c636f0 (webtiles) character file.

211 MrRokkomies the Skirmisher (level 5, -6/46 HPs)
             Began as a Demigod Warper on July 15, 2016.
             Splashed by a jelly's acid (7 damage)
             ... on level 3 of the Dungeon.
             The game lasted 00:06:51 (3266 turns).

MrRokkomies the Skirmisher (Demigod Warper)         Turns: 3266, Time: 00:06:51

Health: -6/46      AC: -6    Str: 14    XL:     5   Next: 31%
Magic:  10/10      EV: 11    Int: 19    God:
Gold:   283        SH:  0    Dex: 15    Spells: 3 memorised, 1 level left

rFire  . . .     SeeInvis .     a - +1 long sword
rCold  . . .     Gourm    .     u - +0 ring mail {rN+}
rNeg   + . .     Faith    .     (no shield)
rPois  .         Spirit   .     (no helmet)
rElec  .         Dismiss  .     (no cloak)
rCorr  .         Reflect  .     (no gloves)
SustAt +         Harm     .     (no boots)
MR     .....                    h - amulet of magic regeneration
Stlth  +.........               (no ring)
                                (no ring)

@: corroded, very slightly contaminated, not resistant to hostile enchantments,
very unstealthy
A: high mp 1, sustain attributes
a: no special abilities


You were on level 3 of the Dungeon.
You were hungry.

You visited 1 branch of the dungeon, and saw 3 of its levels.

You collected 283 gold pieces.

Inventory:

Hand Weapons
 a - a +1 long sword (weapon)
 p - a +1 dagger of venom
Missiles
 e - 5 tomahawks of dispersal
 g - 22 sling bullets
 j - 76 stones
 l - 23 arrows
 o - 7 javelins (quivered)
Armour
 u - a +0 ring mail of positive energy (worn)
Jewellery
 h - an amulet of magic regeneration (around neck)
Scrolls
 d - a scroll of blinking
 k - 2 scrolls of magic mapping
 r - 2 scrolls of recharging
Potions
 b - a potion of agility {unknown}
 i - a potion of magic
 q - a potion of resistance
 s - 2 potions of curing
 t - a potion of lignification
Books
 c - a book of Spatial Translocations

   Spells                             Type                      Level
   a - Apportation                    Translocation                1
   b - Blink                          Translocation                2
   c - Shroud of Golubria             Charms/Translocation         2
   d - Portal Projectile              Translocation                3
   e - Teleport Other                 Translocation                3
   f - Passage of Golubria            Translocation                4
Comestibles
 f - 6 bread rations
 n - 2 beef jerkies


   Skills:
 * Level 3.9 Fighting
 * Level 3.9 Long Blades
 - Level 0.8 Throwing
 - Level 0.8 Armour
 - Level 1.7 Dodging
 - Level 1.7 Spellcasting
 - Level 2.6 Translocations


You had one spell level left.
You knew the following spells:

 Your Spells              Type           Power        Failure   Level  Hunger
a - Apportation           Tloc           ##........   14%         1    #......
b - Shroud of Golubria    Chrm/Tloc      #.........   34%         2    ###....
c - Portal Projectile     Tloc           ##....       38%         3    ###....


Dungeon Overview and Level Annotations

Branches:
Dungeon (3/15)


Innate Abilities, Weirdness & Mutations

You have an increased reservoir of magic. (+10% MP)
Your attributes are resistant to harm.


Message History

Okay, then.
Unknown command.
There is a stone staircase leading up here.
You are no longer corroded.
The jelly jiggles.
You hit the jelly.
Your hands burn!
The jelly is moderately wounded.
The jelly hits you.
You are splashed with acid!
The acid burns!
You slash the jelly! The acid corrodes you!
Your hands burn!
* * * LOW HITPOINT WARNING * * *
The jelly is almost dead.
The jelly jiggles.
The jelly hits you.
* * * LOW HITPOINT WARNING * * *
You are splashed with acid!
The acid corrodes you!
The acid burns!
* * * LOW HITPOINT WARNING * * *
The jelly hits you.
* * * LOW HITPOINT WARNING * * *
You are splashed with acid!
The acid corrodes you!
The acid burns!
You die...

.# #.# #.#####.#.# #.#
.# #<# #.##....#.# #.#
.###.###.##.####.# #.#
.>.......##.# #.# #.#
####.#### #.# #.# #.#
# #.# #.# #.# #.#
####.######.####.# #.#
...#.............# #.#
##.#######.#####@# #.#
#.# ###.#####J#####
#.# #.#
#.............###.#
##.#
#.#...............#
#..#
#.#.#####<###.#####
#.## ###.#.# #.# #.#
#.# #.....# #.# #.#
#.####.....#####.###.#
#...†.............##.#


You could see a jelly.

Vanquished Creatures
  An orc priest (D:3)
  A giant frog skeleton (D:3)
  An orc wizard (D:3)
  6 adders
  2 worms
  2 dart slugs (D:1)
  A giant gecko (D:3)
  4 orcs (D:3)
  2 ball pythons
  3 bats
  2 giant cockroaches
  6 goblins
  9 hobgoblins
  3 jackals (D:3)
  A quokka (D:3)
  5 giant newts
  4 kobolds
  8 rats
61 creatures vanquished.

Notes
Turn   | Place    | Note
-------+----------+-------------------------------------------
     0 | D:1      | MrRokkomies the Demigod Warper began the quest for the Orb.
     0 | D:1      | Reached XP level 1. HP: 17/17 MP: 5/5
   370 | D:1      | Reached XP level 2. HP: 9/24 MP: 7/7
   554 | D:1      | Learned a level 2 spell: Shroud of Golubria
  1749 | D:2      | Found a faded altar of an unknown god.
  1778 | D:2      | Reached XP level 3. HP: 28/30 MP: 6/8
  2448 | D:2      | Reached XP level 4. HP: 35/38 MP: 6/9
  2462 | D:2      | Learned a level 3 spell: Portal Projectile
  2867 | D:3      | Reached XP level 5. HP: 7/46 MP: 10/10
  3004 | D:3      | Found a glowing silver altar of Zin.
  3266 | D:3      | HP: 1/46 [jelly (3)]
  3266 | D:3      | Splashed by a jelly's acid

Vault maps used:
D:1:      dpeg_arrival_connections, st_stairs_14
D:2:      ecumenical_altar_1
D:3:      lemuel_round_altar, grunt_decor_resistance

Skill      XL: |  1  2  3 |
---------------+----------+-----
Fighting       | 2 3 |  3.9
Long Blades    | 2 3 |  3.9
Throwing       | |  0.8
Armour         | |  0.8
Dodging        | |  1.7
Spellcasting   | |  1.7
Translocations | |  2.6

Action                   |  1- 3 |  4- 6 || total
-------------------------+-------+-------++-------
Melee: Falchion          |   129 |       ||   129
       Long sword        |    36 |    89 ||   125
 Cast: Shroud of Golubri |     8 |     2 ||    10
  Use: Scroll            |     4 |     7 ||    11
       Potion            |       |     1 ||     1
  Eat: Chunk             |     5 |     3 ||     8
Armor: Leather armour    |    12 |       ||    12
       Ring mail         |    29 |    29 ||    58
Dodge: Dodged            |    89 |    34 ||   123
